 Dungeon Crawl Stone Soup version 0.30-a0-1018-g25214051b3 (webtiles) character file.

Game seed: 4192624050179645902

469 Pimp the Trooper (level 6, -3/48 HPs)
             Began as a Demonspawn Fighter on Apr 7, 2023.
             Slain by a lemure (4 damage)
             ... led by Pikel
             ... on level 4 of the Dungeon.
             The game lasted 00:07:43 (3413 turns).

Pimp the Trooper (Demonspawn Fighter)               Turns: 3413, Time: 00:07:44

Health: -3/48      AC: 11    Str: 16    XL:     6   Next: 82%
Magic:  0/9        EV:  4    Int: 11    God:
Gold:   209        SH:  9    Dex: 13    Spells: 6/9 levels left

rFire   . . .      SeeInvis .    a - +1 war axe
rCold   + . .      Faith    .    c - +0 buckler
rNeg    . . .      Spirit   +    l - +0 plate armour
rPois   .          Reflect  .    (helmet restricted)
rElec   .          Rampage  .    (no cloak)
rCorr   .                        (no gloves)
Will    .....                    (no boots) Stlth
                                 p - amulet of guardian spirit
HPRegen 0.28/turn                j - ring of protection from cold
MPRegen 0.11/turn                (no ring)

@: hasted, very quick
A: hooves 1, large bone plates 1, demonic magic 1, horns 1, deterioration 1,
passive freeze
a: no special abilities


You were on level 4 of the Dungeon.
You visited 1 branch of the dungeon, and saw 4 of its levels.

You collected 209 gold pieces.

Inventory:

Hand Weapons
 a - a +1 war axe (weapon)
Missiles
 t - a throwing net (quivered)
Armour
 b - a +0 scale mail
 c - a +0 buckler (worn)
 l - a +0 plate armour (worn)
Jewellery
 j - a ring of protection from cold (left hand)
 p - an amulet of guardian spirit (around neck)
 u - a +5 ring of evasion
Scrolls
 e - 2 scrolls of noise
 h - 2 scrolls of amnesia
 i - 2 scrolls of teleportation
 m - a scroll of vulnerability
 o - a scroll of fog
 q - 3 scrolls of identify
 r - a scroll of torment {unknown}
 v - a scroll of blinking
Potions
 d - a potion of might
 f - a potion of resistance {unknown}
 g - a potion of flight
 n - a potion of haste


   Skills:
 + Level 4.1 Fighting
 + Level 3.1 Axes
 + Level 3.8 Armour
 + Level 3.9 Shields
 + Level 2.2 Spellcasting
 + Level 2.5 Necromancy


You had 6 spell levels left.
You knew the following spells:

 Your Spells              Type           Power      Damage    Failure   Level
a - Necrotise             Necr           24%        1d5       100%        1
b - Passwall              Tmut/Erth      0%         N/A       100%        2

Your spell library contained the following spells:

 Spells                   Type           Power      Damage    Failure   Level
 Apportation              Tloc           2%         N/A       100%        1
 Sandblast                Erth           2%         2d4       100%        1
 Summon Small Mammal      Summ           4%         N/A       100%        1
 Blink                    Tloc           2%         N/A       100%        2
 Gell's Gravitas          Tloc           1%         N/A       100%        3
 Stone Arrow              Conj/Erth      2%         3d7       100%        3
 Teleport Other           Tloc           1%         N/A       100%        3
 Manifold Assault         Tloc           1%         N/A       100%        4
 Dispersal                Tloc           0%         N/A       100%        6
 Storm Form               Tmut/Air       0%         N/A       100%        7


Dungeon Overview and Level Annotations

Branches:
Dungeon (4/15)
 Temple: D:4-7

Altars:

Shops:
D:3 ?

Annotations:
D:4 Pikel


Innate Abilities, Weirdness & Mutations

You have large cloven feet.
You are partially covered in large bone plates. (SH +4)
Spells you cast may paralyse adjacent enemies.
You have a pair of small horns on your head.
Your body sometimes deteriorates upon taking damage.
A frigid envelope surrounds you and freezes all who hurt you.


Message History

Pikel is moderately wounded.
You barely miss the lemure. You completely miss the lemure.
The lemure hits you but does no damage. x2; Pikel hits you but does no damage.
You barely miss Pikel.
Pikel is moderately wounded.
You slash the lemure!
You kill the lemure!
That felt strangely unrewarding.
You hit the lemure. The lemure hits you.
* * * LOW HITPOINT WARNING * * *
Pikel hits you with a +0 whip of flaming.
* * * LOW HITPOINT WARNING * * *
Pikel burns you.
* * * LOW HITPOINT WARNING * * *
You slash the lemure! Your kick misses the lemure.
The lemure is heavily wounded.
The lemure hits you.
* * * LOW HITPOINT WARNING * * *
You feel better.
You slash the lemure!
The lemure is almost dead.
The lemure hits you but does no damage.
You barely miss the lemure. You kick the lemure.
The lemure is almost dead.
You block the lemure's attack. The lemure hits you but does no damage.
You block Pikel's attack.
There is an open door, spattered with blood here.
You hit the lemure. You kick the lemure, but do no damage.
The lemure is lightly wounded.
You closely miss Pikel. You closely miss the lemure.
The lemure hits you but does no damage. The lemure hits you.
* * * LOW HITPOINT WARNING * * *
Pikel hits you with a +0 whip of flaming!
* * * LOW HITPOINT WARNING * * *
Pikel burns you.
* * * LOW HITPOINT WARNING * * *
It was a potion of mutation.
You feel extremely strange.
You feel yourself wasting away.
Your skin feels very cold.
A pair of horns grows on your head! You block the lemure's attack.
The lemure hits you.
You die...

#.# #.# # #####.###.###
#.#.........
#.#....##.#######
................# #
..#.....#.###.#.#####..#
..###'#.#.##....#.......
..###..........5@5......
......#.#.##....#K......
........#.##..#.#####..#
..................###...
#..##.###..............#
..................####.#
...##.#.#.##..#.#.#
..................#
...##.#.#.#####.#.#


You could see Pikel and 2 lemures.

Vanquished Creatures
  Pargi (D:3)
  2 lemures (D:4)
  A bullfrog (D:4)
  2 jellies (D:4)
  2 sleepcaps (D:4)
  An orc wizard (D:2)
  3 gnolls (D:4)
  5 adders
  4 worms
  11 orcs
  5 ball pythons
  8 bats
  5 endoplasms
  3 giant cockroaches
  5 goblins
  7 hobgoblins
  2 jackals (D:1)
  6 kobolds
  4 quokkas
  A frilled lizard (D:1)
  A rat (D:1)
79 creatures vanquished.

Vanquished Creatures (others)
  A plant (D:2)
1 creature vanquished.

Grand Total: 80 creatures vanquished

Notes
Turn   | Place    | Note
-------+----------+-------------------------------------------
     0 | D:1      | Pimp the Demonspawn Fighter began the quest for the Orb.
     0 | D:1      | Reached XP level 1. HP: 18/18 MP: 1/1
   238 | D:1      | Gained mutation: You are partially covered in large bone
                  | plates. (SH +4) [demonic ancestry]
   238 | D:1      | Reached XP level 2. HP: 15/24 MP: 2/2
   473 | D:1      | Learned a level 1 spell: Necrotise
   949 | D:2      | Reached XP level 3. HP: 27/29 MP: 3/3
  1195 | D:2      | Reached skill level 1 in Necromancy
  1195 | D:2      | Gained mutation: You have large cloven feet. [demonic
                  | ancestry]
  1195 | D:2      | Reached XP level 4. HP: 35/35 MP: 5/5
  1608 | D:3      | Reached skill level 1 in Spellcasting
  1913 | D:3      | Found Edelam's Magic Scroll Emporium.
  2234 | D:3      | Noticed Pargi
  2250 | D:3      | Killed Pargi
  2251 | D:3      | Reached XP level 5. HP: 16/42 MP: 2/7
  2702 | D:3      | Learned a level 2 spell: Passwall
  2942 | D:4      | Gained mutation: Spells you cast may paralyse adjacent
                  | enemies. [demonic ancestry]
  2942 | D:4      | Reached XP level 6. HP: 35/48 MP: 5/8
  3006 | D:4      | Reached skill level 4 in Fighting
  3386 | D:4      | Noticed Pikel
  3412 | D:4      | HP: 1/48 [Pikel/+0 whip of flaming (2)]
  3413 | D:4      | Gained mutation: Your body sometimes deteriorates upon
                  | taking damage. [potion of mutation]
  3413 | D:4      | Gained mutation: A frigid envelope surrounds you and
                  | freezes all who hurt you. [potion of mutation]
  3413 | D:4      | Gained mutation: You have a pair of small horns on your
                  | head. [potion of mutation]
  3413 | D:4      | Slain by a lemure

Illustrated notes

Levels and vault maps discovered:
D:1:      dpeg_arrival_connections, layout_loops_cross, due_unseen_surprise
D:2:      layout_basic, chequers_big_river
D:3:      layout_basic, serial_shops, shop, uniq_pargi
D:4:      layout_basic, uniq_blork_the_orc, uniq_pikel, uniq_robin

Skill      XL: |  1  2  3  4  5  6 |
---------------+-------------------+-----
Axes           | 2 3 |  3.1
Shields        | 3 |  3.9
Armour         | 3 |  3.8
Necromancy     | 1 2 |  2.5
Spellcasting   | 1 2 |  2.2
Fighting       | 4 |  4.1

Action                     |  1- 3 |  4- 6 || total
---------------------------+-------+-------++-------
  Melee: War axe           |   113 |   170 ||   283
         Kick              |       |    49 ||    49
   Cast: Passwall          |       |     2 ||     2
    Use: Scroll            |     3 |     8 ||    11
         Potion            |       |     5 ||     5
 Armour: Scale mail        |    62 |     1 ||    63
         Plate armour      |       |   139 ||   139
  Dodge: Dodged            |    49 |    44 ||    93
  Block: Buckler           |    66 |   119 ||   185

Table legend: (Time is in decaauts)
 A = Elapsed time spent in this place.
 B = Non-inter-level travel time spent in this place.
 C = Inter-level travel time spent in this place.
 D = Time resting spent in this place.
 E = Time spent auto-exploring this place.
 F = Levels seen in this place.
 G = Mean time per level.
                   A        B        C        D        E       F      G
               +--------+--------+--------+--------+--------+-----+--------+
         Total |   3540 |   3388 |    152 |    245 |   2308 |   4 |  885.0 |
       Dungeon |   3540 |   3388 |    152 |    245 |   2308 |   4 |  885.0 |
               +--------+--------+--------+--------+--------+-----+--------+

Top non-repeatable levels by time:
     D:3: 1179 daAuts
     D:1: 921 daAuts
     D:2: 830 daAuts
     D:4: 609 daAuts
